 Dungeon Crawl Stone Soup version 0.31-a0-263-ge8cad7f256 (webtiles) character file.

Game seed: 13386280820323393203

214 qw the Shooter (level 5, -2/45 HPs)
             Began as a Minotaur Hexslinger on July 13, 2023.
             Killed from afar by an orc wizard (5 damage)
             ... with a puff of flame
             ... on level 5 of the Dungeon.
             The game lasted 00:01:01 (2638 turns).

qw the Shooter (Minotaur Hexslinger)                Turns: 2638, Time: 00:01:02

Health: -2/45      AC:  3    Str: 13    XL:     5   Next: 59%
Magic:  5/5        EV: 12    Int: 10    God:
Gold:   164        SH:  0    Dex: 20    Spells: 5/6 levels left

rFire   . . .        Y - +1 sling
rCold   . . .        (no shield)
rNeg    . . .        k - +0 leather armour
rPois   .            (helmet restricted)
rElec   .            (no cloak)
rCorr   .            (no gloves)
SInv    .            (no boots)
Will    .....        (no amulet)
Stlth   +            e - +6 ring of dexterity
HPRegen 0.27/turn    (no ring)
MPRegen 0.09/turn

%: no passive effects
@: no status effects
A: horns 2, retaliatory headbutt
a: no special abilities


You were on level 5 of the Dungeon.
You visited 1 branch of the dungeon, and saw 4 of its levels.

You collected 164 gold pieces.


Innate Abilities, Weirdness & Mutations

You have a pair of horns on your head.
You reflexively headbutt those who attack you in melee.


   Skills:
 - Level 3.4 Fighting
 + Level 5.7 Ranged Weapons
 - Level 2.1 Dodging
 - Level 1.0 Spellcasting
 - Level 2.0 Hexes


You had 5 spell levels left.
You knew the following spells:

 Your Spells              Type           Power      Damage    Failure   Level
a - Slow                  Hex            16%        N/A       19%         1

Your spell library contained the following spells:

 Spells                   Type           Power      Damage    Failure   Level
 Inner Flame              Hex/Fire       2%         N/A       65%         3
 Portal Projectile        Hex/Tloc       4%         N/A       65%         3
 Cause Fear               Hex            2%         N/A       88%         4

Inventory:

Hand Weapons
 Y - a +1 sling (weapon)
Armour
 k - a +0 leather armour (worn)
 n - a +0 ring mail
 o - a +3 leather armour of fire resistance
Jewellery
 b - a ring of ice
 e - a +6 ring of dexterity (left hand)
Scrolls
 c - 2 scrolls of identify
 m - a scroll of revelation {unknown}
 p - a scroll of vulnerability {unknown}
 q - 2 scrolls of teleportation {unknown}
 r - a scroll of fear {unknown}
Potions
 a - a potion of cancellation {unknown}
 d - 2 potions of resistance {unknown}
 f - a potion of berserk rage {unknown}
 g - a potion of invisibility {unknown}
 h - 2 potions of curing
 i - a potion of enlightenment {unknown}
 j - a potion of might
 l - a potion of mutation {unknown}

Dungeon Overview and Level Annotations

Branches:
Dungeon (5/15)
 Temple: D:4-7

Altars:


Message History

You shoot a sling bullet.
The sling bullet closely misses the orc.
The orc misses you. Something hits you but does no damage. Something hits you.
The orc hits you with a +0 whip.
You shoot a sling bullet. The sling bullet barely misses the orc.
The orc barely misses you. You furiously retaliate!
You headbutt the orc!
You kill the orc!
Something hits you.
You shoot a sling bullet. Something hits you but does no damage.
You shoot a sling bullet. Something hits you.
You shoot a sling bullet. Something hits you.
You shoot a sling bullet. Something completely misses you.
Something hits you but does no damage.
You shoot a sling bullet.
You hear some strange, mumbled words.
A magic dart appears from out of thin air!
The magic dart hits you.
You shoot a sling bullet. Something hits you.
You shoot a sling bullet. Something hits you but does no damage.
You shoot a sling bullet. Something hits you.
You shoot a sling bullet. Something hits you.
You shoot a sling bullet. Something hits you.
You shoot a sling bullet. Something hits you but does no damage.
You shoot a sling bullet.
You hear some strange, mumbled words.
A magic dart appears from out of thin air!
The magic dart hits you!
You hear some strange, mumbled words.
A puff of flame appears from out of thin air!
The puff of flame hits you.
You die...

#. . . ##. ###
#.# ###.## #.#
##....#
#)###..#..##
#@{..####..#####
#.###.# ##..##.#
#.# #.## #.....#
#.# #..# ##...##
## #..### #..##
##....####..####
#..##...........
##.####..##.#####
##.## #..###.## #


There were no monsters in sight!

Vanquished Creatures
  An orc priest (D:2)
  Terence (D:2)
  Ijyb (D:3)
  5 adders (D:2)
  A dart slug (D:3)
  3 worms
  13 orcs
  3 bats
  5 endoplasms
  2 giant cockroaches
  7 goblins
  6 hobgoblins
  5 kobolds
  5 quokkas
  3 ball pythons (D:3)
  A frilled lizard (D:3)
  5 rats
67 creatures vanquished.

Notes
Turn   | Place    | Note
-------+----------+-------------------------------------------
     0 | D:1      | qw the Minotaur Hexslinger began the quest for the Orb.
     0 | D:1      | Reached XP level 1. HP: 16/16 MP: 1/1
     0 | D:1      | 0 ||| qw: Version: 0.3-a-52-g30416fa
     0 | D:1      | 0 ||| qw: Game counter: 7185
     0 | D:1      | 0 ||| qw: Melee chars always use a shield: true
     0 | D:1      | 0 ||| qw: God list: Okawaru
     0 | D:1      | 0 ||| qw: Allow faded altars: false
     0 | D:1      | 0 ||| qw: Do Orc after clearing Dungeon:15 true
     0 | D:1      | 0 ||| qw: Do second Lair branch before Depths: true
     0 | D:1      | 0 ||| qw: Lair rune preference: random
     0 | D:1      | 0 ||| qw: Goals: Normal
     0 | D:1      | 0 ||| PLANNING D:1-11
   220 | D:1      | Reached skill level 3 in Ranged Weapons
   220 | D:1      | Reached XP level 2. HP: 23/23 MP: 2/2
   584 | D:1      | 584 ||| UPGRADING to +0 leather armour.
   594 | D:1      | 594 ||| DROPPING +0 robe.
   595 | D:1      | 595 ||| UPGRADING to +6 ring of dexterity.
   596 | D:1      | 596 ||| READING scroll labelled MIYFAKHETY.
   597 | D:1      | 597 ||| DRINKING 2 viscous cyan potions.
   598 | D:1      | 598 ||| DRINKING 2 fizzy ruby potions.
   599 | D:1      | 599 ||| DROPPING scroll of poison.
   715 | D:2      | Reached XP level 3. HP: 30/30 MP: 3/3
   865 | D:2      | Noticed Terence
   874 | D:2      | Killed Terence
   875 | D:2      | Reached skill level 4 in Ranged Weapons
   875 | D:2      | Reached XP level 4. HP: 14/37 MP: 4/4
  1067 | D:2      | Found a faded altar of an unknown god.
  1481 | D:2      | 1481 ||| READING 3 scrolls labelled OPYCWO SOCAMAI.
  1482 | D:2      | 1482 ||| DROPPING 2 scrolls of immolation.
  1533 | D:3      | Reached skill level 5 in Ranged Weapons
  1533 | D:3      | 1533 ||| FLEEEEING.
  1534 | D:3      | 1534 ||| FLEEEEING.
  1537 | D:3      | 1537 ||| FLEEEEING.
  1538 | D:3      | 1538 ||| STAIRDANCE
  1588 | D:3      | 1588 ||| STAIRDANCE
  1672 | D:3      | 1672 ||| STAIRDANCE
  1733 | D:3      | 1733 ||| STAIRDANCE
  1737 | D:2      | Reached skill level 3 in Fighting
  1737 | D:2      | Reached XP level 5. HP: 21/45 MP: 5/5
  2039 | D:3      | 2039 ||| FLEEEEING.
  2040 | D:3      | 2040 ||| FLEEEEING.
  2041 | D:3      | 2041 ||| FLEEEEING.
  2042 | D:3      | 2042 ||| FLEEEEING.
  2043 | D:3      | 2043 ||| FLEEEEING.
  2191 | D:3      | Noticed Ijyb
  2198 | D:3      | Killed Ijyb
  2463 | D:3      | You fall into a shaft and drop 2 floors!
  2463 | D:5      | Entered Level 5 of the Dungeon
  2636 | D:5      | HP: 11/45 [something (2)]
  2638 | D:5      | HP: 3/45 [something/magic dart (8)]
  2638 | D:5      | Killed from afar by an orc wizard

Levels and vault maps discovered:
D:1:      mrwooster_arrival_arrow, layout_loops_ring
D:2:      layout_loops_ring, ebering_ecumenical_altar_box, minmay_heptomino_o4,
          uniq_terence
D:3:      layout_rooms, st_stairs_3, corexii_shack, minmay_circle_x, uniq_ijyb
D:5:      cheibrodos_fzero, layout_layer_cave, st_stairs_1, nrook_mini_backslash

Skill      XL: |  1  2  3  4 |
---------------+-------------+-----
Ranged Weapons | 3 4 5 |  5.7
Fighting       | 2 3 |  3.4
Dodging        | |  2.1
Spellcasting   | |  1.0
Hexes          | |  2.0

Action                     |  1- 3 |  4- 6 || total
---------------------------+-------+-------++-------
   Fire: Sling             |    72 |   180 ||   252
    Use: Potion            |     2 |       ||     2
         Scroll            |     1 |     1 ||     2
 Armour: Robe              |     2 |       ||     2
         Leather armour    |     6 |    12 ||    18
  Dodge: Dodged            |    22 |    34 ||    56

Table legend:
 A = Non-vault XP
 B = Vault XP
 C = Vault XP percentage of total XP
 D = Non-vault monster count
 E = Vault monster count
 F = Vault count percentage of total count
                 A         B        C        D         E       F
            +---------+---------+-------+---------+---------+-------
      Total |     221 |      85 |  27.8 |      56 |      11 |  16.4
            +---------+---------+-------+---------+---------+-------
        D:1 |      20 |       0 |   0.0 |      10 |       0 |   0.0
        D:2 |     136 |      39 |  22.3 |      20 |       2 |   9.1
        D:3 |      56 |      46 |  45.1 |      23 |       9 |  28.1
        D:5 |       9 |       0 |   0.0 |       3 |       0 |   0.0
            +---------+---------+-------+---------+---------+-------
